[Event "Reykjavik Open 2024"]
[Site "Reykjavik"]
[Date "2024.03.16"]
[Round "2.10"]
[White "Kistrup, Nicolai"]
[Black "Maze, Sebastien"]
[Result "0-1"]
[ECO "E32"]
[WhiteElo "2324"]
[BlackElo "2551"]
[Annotator "RC"]
[PlyCount "60"]
[EventDate "2024.03.12"]
[EventCountry "ISL"]
[SourceTitle "playchess.com"]
[Source "ChessBase"]
[SourceQuality "1"]
[TimeControl "40/5400+30:1800+30"]

1. d4 Nf6 2. c4 e6 3. Nc3 Bb4 4. Qc2 d6 5. e4 Nbd7 6. Nf3 e5 7. Bd3 O-O 8. O-O Re8 9. Nd5 c5 10. Nxb4 cxb4 11. a3 Qb6 12. axb4 exd4 13. h3 Ne5 14. Nxe5 dxe5 15. c5 Qd8 16. f4 exf4 17. Bxf4 Nh5 18. Bd6 Qg5 19. Qf2 Bxh3 20. Bc4 Be6 21. Bxe6 fxe6 22. Rxa7 h6 23. Rxb7 e5 24. Qf3 Ng3 25. Rd1 Rf8 26. Bxf8 Rxf8 27. Qb3+ Kh7 28. Rf7 Ne2+ 29. Kf2 Rxf7+ 30. Ke1 Ng3 0-1

[Event "Reykjavik Open 2024"]
[Site "Reykjavik"]
[Date "2024.03.16"]
[Round "2.11"]
[White "Adhiban, B.."]
[Black "Bjornsson, Sigurbjorn"]
[Result "1/2-1/2"]
[ECO "B75"]
[WhiteElo "2541"]
[BlackElo "2305"]
[Annotator "TA"]
[PlyCount "137"]
[EventDate "2024.03.12"]
[EventCountry "ISL"]
[SourceTitle "playchess.com"]
[Source "ChessBase"]
[SourceQuality "1"]
[TimeControl "40/5400+30:1800+30"]

1. e4 c5 2. Nf3 d6 3. d4 cxd4 4. Nxd4 Nf6 5. Nc3 g6 6. Be3 Bg7 7. f3 a6 8. Qd2 h5 9. Be2 Nc6 10. O-O O-O 11. a4 d5 12. Nxc6 bxc6 13. e5 Nd7 14. f4 e6 15. a5 c5 16. Na4 Qc7 17. Nxc5 Nxc5 18. Qc3 f6 19. Qxc5 Rf7 20. Qxc7 Rxc7 21. exf6 Bxf6 22. c3 Bb7 23. Bb6 Re7 24. Bd3 Kg7 25. Rfe1 h4 26. Bc5 Ree8 27. Ra4 Be7 28. Bxe7 Rxe7 29. Rb4 Kf6 30. Re5 Bc6 31. Rb6 Bb5 32. Bxb5 axb5 33. Rxb5 Rea7 34. Rb6 (34. b4 Rc8 35. Rb6 Rxc3 36. Rbxe6+ (36. Rxd5 Rac7 $18) 36... Kf7) 34... Rxa5 35. Rbxe6+ Kf7 36. Rb6 Ra4 37. g3 (37. Rxd5 Rxf4 38. g3 Rg4 39. Rd7+ Kf8 $18) 37... d4 38. Rb7+ (38. gxh4 dxc3 39. bxc3 Rxf4 $16) 38... Kf6 39. Rb6+ (39. gxh4 dxc3 40. Rb6+ (40. bxc3 Rxf4 41. Re3 Rxh4 $11) 40... Kf7 41. bxc3 Rxf4 $16) 39... Kf7 40. Rb7+ (40. gxh4 dxc3 41. bxc3 Rxf4 $14) 40... Kf6 $1 41. g4 (41. gxh4 dxc3 42. Rb6+ (42. bxc3 Rxf4 43. Re3 Rxh4 $11) 42... Kf7 43. bxc3 Rxf4 $16) 41... g5 42. Rb6+ (42. fxg5+ $2 Kxe5 43. cxd4+ Rxd4 44. Re7+ Kd6 $19) 42... Kf7 43. Rb7+ (43. fxg5 dxc3 44. bxc3 Rxg4+ 45. Kf2 Ra2+ 46. Kf3 Rgg2 $16) 43... Kf6 44. Rbe7 (44. fxg5+ $2 {too greedy.} Kxe5 45. g6 d3 $19) 44... R8a6 45. fxg5+ Kg6 46. h3 (46. b3 $142 Ra2 (46... Ra1+ $2 47. Kg2 $18) 47. cxd4) 46... dxc3 $16 47. bxc3 Ra3 48. Rc7 ({White should play} 48. R7e6+ $16 Rxe6 49. Rxe6+ Kxg5 50. Re3) 48... Ra2 (48... Ra1+ $1 $11 49. Kf2 R6a2+ 50. Re2 Rxe2+ 51. Kxe2 Rh1) 49. Rf5 $16 Rc2 {[%emt 0:00:00] [#]} (49... Rd2 $16) 50. Rf2 (50. Rf6+ $1 $18 Rxf6 51. gxf6 Kxf6 52. Rc5) 50... Rc1+ (50... Ra1+ $14 51. Kg2 (51. Rf1 Raa2 $11) 51... Rxf2+ 52. Kxf2 Ra2+ 53. Kf3 Rh2) 51. Kg2 $16 Kxg5 52. Rc8 Kg6 53. Rg8+ Kh7 54. Rc8 Kg6 $1 55. Re2 Rd6 56. Rg8+ Kh7 57. Rc8 Kg6 $1 58. Rc7 Ra6 (58... Rf6 $16 59. Ra2 Rd1) 59. Rd2 (59. Ree7 $18) 59... Rf6 $16 60. c4 Rc3 61. c5 ({White should try} 61. Ra2 $16) 61... Rg3+ $11 62. Kh2 Rc3 63. Rc8 Rff3 64. Rc6+ Kf7 65. Rc7+ Ke8 66. Rc8+ Ke7 67. Rc7+ Ke8 68. Rc8+ Ke7 69. Rc7+ 1/2-1/2

[Event "Reykjavik Open 2024"]
[Site "Reykjavik"]
[Date "2024.03.16"]
[Round "2.12"]
[White "Mendes Aaron Reeve"]
[Black "Fernandez, Daniel Howard"]
[Result "1/2-1/2"]
[ECO "B40"]
[WhiteElo "2309"]
[BlackElo "2532"]
[Annotator "TA"]
[PlyCount "112"]
[EventDate "2024.03.12"]
[EventCountry "ISL"]
[SourceTitle "playchess.com"]
[Source "ChessBase"]
[SourceQuality "1"]
[TimeControl "40/5400+30:1800+30"]

1. e4 c5 2. Nf3 e6 3. b3 Nc6 4. Bb2 a6 5. Be2 d6 6. d4 cxd4 7. Nxd4 Nf6 8. Nxc6 bxc6 9. e5 dxe5 10. Qxd8+ Kxd8 11. Bxe5 Bb4+ 12. c3 Ba5 13. Bf3 Bd7 14. Nd2 Bc7 15. Nc4 Rg8 16. O-O-O Nd5 17. Bxc7+ Kxc7 18. Ne5 Be8 19. c4 Ne7 20. Rd2 Rd8 21. Rxd8 Kxd8 22. Rd1+ Kc7 23. b4 Ng6 24. Nd3 Bd7 25. Bh5 f6 26. Nc5 Bc8 27. g3 e5 28. a4 Rf8 29. Bxg6 hxg6 30. h4 Rh8 31. Rd2 ({White should play} 31. Kd2 $16) 31... Rh5 $11 32. Kb2 g5 33. hxg5 Rxg5 34. Kc3 Rf5 35. b5 Kb6 36. Nb3 (36. Nxa6 $14 Bxa6 37. a5+ Kb7 (37... Kxa5 $2 38. Ra2+ Kb6 39. Rxa6+ Kb7 40. Rxc6 $18) 38. bxa6+ Kxa6 39. Kb4) 36... Rf3+ $11 (36... cxb5 37. cxb5 axb5 38. a5+ Kc6 39. Kb4) (36... axb5 37. a5+ Ka7 38. cxb5 cxb5 39. Kb4) 37. Kb4 c5+ 38. Ka3 $1 axb5 39. axb5 Bf5 40. Rd6+ Kc7 41. Rc6+ Kb8 42. Kb2 (42. Rxc5 $2 Bc2 (42... Rxf2 $2 43. b6 $18) 43. Ka4 Bxb3+ $19 (43... Rxb3 $2 44. Ka5 $19)) 42... Rxf2+ 43. Ka3 Rf3 44. Kb2 e4 $2 (44... Rf2+ $11 45. Ka3 Rf3) 45. Nxc5 $18 e3 46. Na6+ $1 Kb7 $2 (46... Ka7 $11) 47. c5 $18 Bd3 48. Rc7+ $2 (48. Rb6+ Ka7 49. Nb4 Rf2+ 50. Ka3) 48... Ka8 $18 49. Re7 (49. Rxg7 Rf5 50. Rg8+ Ka7 51. Rg7+ Ka8 52. Nc7+ Kb8 53. Na6+ Ka8 $11) 49... e2 $2 (49... Rf5 $18) 50. c6 $2 (50. Rxg7 e1=Q (50... e1=R $2 51. Rg8+ Kb7 52. Rg7+ Kc8 53. Rg8+ Kd7 54. Nb8+ Ke7 55. Nc6+ Kf7 56. Nd4 $19) 51. Nc7+ Kb8 52. Na6+ Kc8 53. Rg8+ Kd7 (53... Kb7 54. Rg7+ Kc8 55. Rg8+ Kd7 56. Rg7+ Kd8 57. Rg8+ Ke7 58. Re8+ Kxe8 59. Nc7+ Kf7 60. Nd5 Bh7 61. Ne3 Qxe3 62. g4 Qa3#) 54. Rg7+ Kd8 55. Rg8+ Ke7) (50. b6 {mates} Bxa6 51. c6 e1=R 52. Rxe1 Rf2+ 53. Kb3 Re2 54. Ra1 Re3+ 55. Kb4) 50... Rf1 $18 {[%emt 0:02:31] [#]} 51. b6 $2 (51. Rxg7 $2 {is the wrong capture.} Rb1+ (51... e1=R $2 {perishes.} 52. Rb7 $18) (51... e1=Q 52. Nc7+ Kb8 53. Na6+ Ka8 54. Nc7+ Kb8 55. Na6+ Ka8 $11) 52. Ka2 Ra1+ (52... e1=R 53. Nc7+ Kb8 54. Na6+ Ka8 55. Nc7+ Kb8 56. Na6+ Ka8 $11) 53. Kxa1 e1=Q+ (53... e1=R+ $2 54. Ka2 $18) 54. Kb2 Qe5+ (54... Bxb5 55. Nc7+ Kb8 56. Nxb5 $17) (54... Qd2+ $2 55. Kb3 $19) 55. Ka2 Bc4+ (55... Bxb5 56. Nc7+ Kb8 57. Nxb5 $17) 56. Kb1 Qxb5+ (56... Bxb5 $2 57. Nc7+ Kb8 58. Nxb5 $19) 57. Kc2 Qb3+ (57... Qxa6 $2 58. Re7 $19) 58. Kd2 Qd3+ (58... Bxa6 $2 59. Kc1 $19) 59. Kc1 Qe3+ (59... Bxa6 $2 60. Rd7 $19) 60. Kc2 Bd3+ (60... Bxa6 $2 61. Rd7 $19) 61. Kb3 Bxa6+ $19) (51. Nc7+ $1 $18 Kb8 52. Ne8 (52. Rxg7 $2 Rb1+ 53. Ka3 Ra1+ 54. Kb2 e1=Q $19) (52. Na6+ Ka8 $18)) 51... Rb1+ $11 52. Kc3 Rxb6 53. Nc7+ Kb8 54. Kxd3 e1=Q 55. Rxe1 Kxc7 56. Re7+ Kxc6 1/2-1/2

[Event "Reykjavik Open 2024"]
[Site "Reykjavik"]
[Date "2024.03.16"]
[Round "2.13"]
[White "Klimkowski, Jan"]
[Black "Hopman, Pieter"]
[Result "0-1"]
[ECO "B07"]
[WhiteElo "2532"]
[BlackElo "2297"]
[Annotator "TA"]
[PlyCount "76"]
[EventDate "2024.03.12"]
[EventCountry "ISL"]
[SourceTitle "playchess.com"]
[Source "ChessBase"]
[SourceQuality "1"]
[TimeControl "40/5400+30:1800+30"]

1. e4 d6 2. d4 Nf6 3. Nc3 e5 4. Nge2 c6 5. h3 b5 6. a3 h5 7. Ng1 Qa5 8. Qd2 ({White should try} 8. Nf3 $14) 8... b4 $11 9. Nce2 (9. Na2 $11 {keeps the balance.}) 9... c5 $17 10. dxe5 dxe5 (10... Nxe4 11. Qd5 bxa3+ 12. c3 $14) 11. c3 (11. Nf3 $142 Nc6 (11... Nxe4 $2 12. Qd5 $18) 12. Qd1) 11... Bb7 {[%emt 0:02:24] Black is more active.} (11... Nxe4 $2 {too greedy.} 12. Qd5 bxc3 13. bxc3 (13. Qxa8 {gets mated.} cxb2+ 14. Kd1 Nxf2+ 15. Kc2 Bf5+) 13... Nxc3 14. Qxe5+ (14. Qxa8 $2 Ne4+ $19) 14... Be7 15. Qxc3 $18 (15. Nxc3 O-O $16)) 12. f3 {[%emt 0:08:06] [#]} (12. Nf3 $17 Nxe4 13. Qc2) 12... h4 $1 $19 13. g4 Nc6 14. Qc2 (14. Qd1 $142) 14... c4 15. Be3 (15. cxb4 $142 Nxb4 16. axb4 Bxb4+ (16... Qxa1 $2 17. Nc3 $19) 17. Nc3 Qxa1 18. g5) 15... b3 ({Less strong is} 15... bxa3 16. Nc1 $19) 16. Qc1 O-O-O 17. Kf2 Rd3 {[%emt 0:04:56][%cal Od3e3] ...Rxe3! is the strong threat.} 18. Kg2 Nd8 {[%emt 0:00:34] White must now prevent ...Qc7.} 19. Nd4 exd4 20. cxd4 {[%emt 0:01:15] [#]} Rxe3 $1 21. Qxe3 {[%emt 0:00:02][%cal Oa1c1] Strongly threatening Rc1!} Qc7 22. Ne2 {[%emt 0:01:13] Prevents Qg3+} Ne6 23. Rc1 $2 (23. Rg1 {was necessary.}) 23... g6 24. g5 {[%emt 0:05:48] Wards off Bh6} Rh5 25. Kf2 $2 (25. gxf6 {was the only defense.} Bh6 26. Qc3 Bxc1 27. Qxc1 Nxd4 28. Qf4) 25... Rxg5 {[%emt 0:01:57] Hoping for ...Bh6.} 26. Ke1 Bh6 27. Qc3 Rh5 28. Rd1 Nd7 29. d5 Bg7 {[%emt 0:04:25] Dodges dxe6} 30. Qe3 Nec5 31. d6 Qa5+ 32. Nc3 Ne5 {[%emt 0:02:40][%cal Oe5f3] Threatens to win with ...Nxf3+!} 33. d7+ Kd8 34. Rd2 Ncd3+ 35. Bxd3 Nxd3+ 36. Ke2 Qb6 37. Rxd3 cxd3+ 38. Qxd3 Ba6 {[%emt 0:00:08] White did not feel at home in the position after the opening.   Weighted Error Value: White=1.14/Black=0.49.  Mistake:       	White=8     	---        Inaccurate:     	White=1     	Black=1      OK:         	White=4     	Black=11     Best:        	White=2     	Black=1} 0-1

[Event "Reykjavik Open 2024"]
[Site "Reykjavik"]
[Date "2024.03.16"]
[Round "2.14"]
[White "Xu, Yuanyuan"]
[Black "Yilmazyerli, Mert"]
[Result "1/2-1/2"]
[ECO "E34"]
[WhiteElo "2288"]
[BlackElo "2526"]
[Annotator "TA"]
[PlyCount "32"]
[EventDate "2024.03.12"]
[EventCountry "ISL"]
[SourceTitle "playchess.com"]
[Source "ChessBase"]
[SourceQuality "1"]
[TimeControl "40/5400+30:1800+30"]

1. d4 Nf6 2. c4 e6 3. Nc3 Bb4 4. Qc2 d5 5. Bg5 dxc4 6. e3 b5 7. a4 c6 8. Be2 Bb7 9. Bf3 a6 10. Nge2 Nbd7 11. O-O O-O (11... Qb6 $15) 12. axb5 $11 {[%emt 0:03:23] Die Stellung ist ausgeglichen.} axb5 13. Nxb5 cxb5 14. Bxb7 Rxa1 15. Rxa1 Qc7 16. Bf3 Bd6 {[%emt 0:02:17] Gewichteter Fehlerwert: Weiß=0.03 (makellos) /Schwarz=0.05 (makellos) .  Fehler:       	---       	Schwarz=1     OK:         	Weiß=6     	Schwarz=7} 1/2-1/2

[Event "Reykjavik Open 2024"]
[Site "Reykjavik"]
[Date "2024.03.16"]
[Round "2.15"]
[White "Soderstrom, Adrian"]
[Black "Gokerkan, Cem Kaan"]
[Result "1/2-1/2"]
[ECO "B45"]
[WhiteElo "2288"]
[BlackElo "2523"]
[Annotator "TA"]
[PlyCount "41"]
[EventDate "2024.03.12"]
[EventCountry "ISL"]
[SourceTitle "playchess.com"]
[Source "ChessBase"]
[SourceQuality "1"]
[TimeControl "40/5400+30:1800+30"]

1. e4 c5 2. Nf3 Nc6 3. d4 cxd4 4. Nxd4 Nf6 5. Nc3 e6 6. Nxc6 bxc6 7. e5 Nd5 8. Ne4 Bb7 9. c4 Nb4 10. Be2 (10. c5 $142 Qb8 11. f4) 10... c5 11. Bf3 {[%emt 0:02:30] The position is equal.} Qb8 12. Bf4 Nc6 13. O-O Nxe5 14. Re1 Be7 15. Bh5 O-O 16. Nxc5 Bxc5 17. Bxe5 d6 18. Bc3 a5 19. Qd2 Qc7 (19... Qd8 $11) 20. Bxg7 $17 Kxg7 21. Qg5+ {[%emt 0:00:07] Weighted Error Value: White=0.09 (flawless) /Black=0.03 (flawless) .  Mistake:       	White=1     	Black=1      OK:         	White=6     	Black=8      Best:        	White=1     	---} 1/2-1/2

[Event "Reykjavik Open 2024"]
[Site "Reykjavik"]
[Date "2024.03.16"]
[Round "2.16"]
[White "Prraneeth Vuppala"]
[Black "Unzicker, Ferdinand"]
[Result "1/2-1/2"]
[ECO "B67"]
[WhiteElo "2506"]
[BlackElo "2284"]
[Annotator "TA"]
[PlyCount "50"]
[EventDate "2024.03.12"]
[EventCountry "ISL"]
[SourceTitle "playchess.com"]
[Source "ChessBase"]
[SourceQuality "1"]
[TimeControl "40/5400+30:1800+30"]

1. e4 c5 2. Nf3 d6 3. d4 cxd4 4. Nxd4 Nf6 5. Nc3 Nc6 6. Bg5 e6 7. Qd2 a6 8. O-O-O Bd7 9. Kb1 b5 10. Nxc6 Bxc6 11. f3 Be7 12. Bd3 d5 (12... Qc7 $11 {remains equal.}) 13. Bxf6 Bxf6 14. exd5 {[%emt 0:00:12] White is slightly better.} Bxd5 15. Nxd5 Qxd5 16. Qb4 {[%emt 0:02:35] [#] Be4 would now be deadly.} Rc8 17. Qa3 Qe5 18. Rhe1 Qc7 (18... Qxh2 $2 {loses.} 19. Qxa6 O-O 20. Rh1 $18) 19. Be4 (19. g3 {simplifies} Qc5 20. Qxc5 Rxc5 21. c3) 19... a5 20. Qd3 (20. f4 $11 {deserves consideration.}) 20... b4 21. f4 (21. Bxh7 $2 Kf8 22. Be4 Rxh2 $17 (22... Qxh2 23. g4 $15)) 21... Ke7 22. g4 {[%emt 0:03:41] [#] g5 is the strong threat.} Rhd8 23. Qe3 {[%emt 0:01:59] Strongly threatening g5.} Rxd1+ 24. Rxd1 {[%emt 0:00:01][%cal Og4g5] Black must now prevent g5!} g6 25. Bd3 Qc5 {[%emt 0:00:22] Weighted Error Value: White=0.18 (very precise) /Black=0.17 (very precise) .  Mistake:       	White=1     	Black=1      Inaccurate:     	White=2     	Black=2      OK:         	White=2     	Black=4} 1/2-1/2

[Event "Reykjavik Open 2024"]
[Site "Reykjavik"]
[Date "2024.03.16"]
[Round "2.17"]
[White "Mohamed Anees M"]
[Black "Suleymenov, Alisher"]
[Result "1/2-1/2"]
[ECO "E03"]
[WhiteElo "2271"]
[BlackElo "2506"]
[Annotator "TA"]
[PlyCount "145"]
[EventDate "2024.03.12"]
[EventCountry "ISL"]
[SourceTitle "playchess.com"]
[Source "ChessBase"]
[SourceQuality "1"]
[TimeControl "40/5400+30:1800+30"]

1. d4 d5 2. c4 e6 3. Nf3 Nf6 4. g3 dxc4 5. Qa4+ Nbd7 6. Qxc4 a6 7. Bg2 b5 8. Qc2 Bb7 9. O-O c5 10. dxc5 Bxc5 11. a3 Rc8 12. Nc3 O-O 13. Bd2 a5 (13... h6 $17) 14. b4 $11 axb4 (14... Bxf3 {is interesting.} 15. Bxf3 axb4 16. axb4 Bxb4 17. Qb2 Ne5) 15. axb4 Bxb4 16. Qb2 Bxf3 17. Qxb4 Bxg2 (17... Ne5 {with more complications.} 18. Rfd1 Nc6 19. Qxb5 Nd4) 18. Kxg2 Rb8 19. Rfd1 Qc8 20. Rab1 Qc4 21. Be1 (21. f3 $11) 21... Ne5 (21... h6 $15) 22. Rd4 (22. Qxc4 $11 {remains equal.} bxc4 23. Rxb8 Rxb8 24. Na4) 22... Qc8 {[%emt 0:04:44] [#] White must now prevent ...Nc6.} 23. Rd6 Nc4 24. Rd4 e5 25. Rdd1 Qf5 26. Qb3 Ng4 (26... Qh5 $15) 27. Kg1 Qh5 28. h4 Nf6 29. Rbc1 (29. Qa2 $15) 29... e4 $17 30. Rc2 (30. Rd4 $17) 30... Qf5 (30... h6 $19 {and Black stays clearly on top. Hoping for ...Rfc8.} 31. Rdc1 g5 32. Nxb5 gxh4 33. Qxc4 Rxb5) 31. Kg2 (31. Nxb5 $2 Ne5 32. Kg2 e3 $19) 31... Ng4 $36 {[%emt 0:02:23][%mdl 2048] Black is on the roll. A dynamic duo of knights.} 32. Nd5 {[%emt 0:00:29] Repels Nge3+} Qe6 {[%emt 0:00:29] Repels Ne7+} 33. Qb4 Rfd8 34. Nf4 Qc6 35. Rxd8+ Rxd8 36. Ra2 h6 {[%emt 0:01:02] aiming for ...Rd1.} 37. Ra7 $2 ({White should play} 37. Qe7 $15 Re8 38. Ra6) 37... Rd7 $2 (37... Nxf2 $19 {( -> ...e3+)} 38. Kxf2 Qb6+ 39. Kg2 Qxa7 40. Qxb5 Ne3+ 41. Kh2 Rb8) 38. Ra1 $2 (38. Rxd7 $11 Qxd7 39. Bc3) 38... Kh7 $2 ({Black should try} 38... g5 $19 39. hxg5 hxg5) 39. Qf8 $15 Qd6 40. Qc8 Qc7 41. Qf8 Rd8 $1 42. Qb4 Rb8 43. Bc3 Qd7 {[%emt 0:00:00] Against Bd4} 44. e3 {[%emt 0:00:00] [#]} (44. Qc5 $15) 44... Re8 (44... Qf5 $1 $17 45. Bd4 Rd8) 45. Bd4 $11 Qf5 46. Ra7 Rb8 {[%emt 0:00:00] Repels Rb7} (46... Rd8 $5 47. Rc7 Rxd4 48. exd4 e3 49. Rxc4 bxc4 50. Qxc4 Nxf2 $11) 47. Rc7 g5 48. Qc5 {[%emt 0:00:00] Dancing on a razor blade.} Nce5 (48... Qxc5 $2 49. Rxf7+ Kg8 50. Rg7+ (50. Bxc5 $2 Kxf7 51. hxg5 hxg5 $19) 50... Kf8 51. Ne6+ (51. Bxc5+ $2 Kxg7 52. Nd5 Kf7 $19) 51... Ke8 52. Bxc5 Ngxe3+ 53. fxe3 $18) 49. Bxe5 (49. hxg5 {simplifies} hxg5 50. Bxe5 gxf4 51. Bxf4 Qxc5 52. Rxc5 Rb6 53. Rh5+) 49... Nxe5 (49... Qxe5 $11 50. Qa7 (50. Rxf7+ Kg8 $16) 50... gxf4 51. exf4 (51. Qxb8 $2 f3+ 52. Kh3 Nxf2+ 53. Kh2 Ng4+ 54. Kh3 Qe6 $19) 51... Qb2 52. Rxf7+ Kg8 53. Qxb8+ Kxf7 54. Qb7+ Kf6 55. Qc6+ Ke7 56. Qc7+ (56. Qxe4+ Kf8 $11) 56... Kf6) 50. Re7 $2 ({White has to play} 50. hxg5 $18 {[%cal Og5g6] g6+! is the strong threat.} hxg5 51. Re7) 50... gxf4 51. Rxe5 {[%emt 0:00:05][%mdl 4096] Endgame. KQR-KQR} Qg4 52. exf4 {[%emt 0:01:09][%cal Oc5a7] Active counter play!} Qf3+ 53. Kh2 Rd8 54. Qe3 (54. Qxb5 $2 {is a self mate.} Rd1 (54... Qxf2+ $2 55. Kh3 $19) (54... Qxf2+ $2 55. Kh3 $19)) 54... Qxe3 {[%emt 0:00:55] The position is equal.} 55. fxe3 {[%emt 0:00:01] KR-KR} Rb8 56. Rxe4 b4 57. Rd4 b3 {[%emt 0:00:04] ...b2 would now be deadly.} 58. Rd1 $1 b2 59. Rb1 f5 {[%emt 0:00:49] And now ...Kg6 would win.} 60. h5 Kg7 61. g4 Kf6 62. Kg3 Rb7 63. Kh4 Rb3 64. g5+ Kg7 65. e4 fxe4 66. Kg4 Rb5 67. gxh6+ Kxh6 68. f5 Rb3 69. f6 Rb4 70. Kf4 Kh7 71. Ke3 Kh6 72. Kf4 Kh7 73. Ke3 {[%emt 0:00:05] Weighted Error Value: White=0.34/Black=0.36.  Loses game:     	White=2     	Black=1      Missed win:     	White=1     	Black=2      Mistake:       	White=5     	Black=5      Inaccurate:     	White=5     	Black=4      OK:         	White=31    	Black=21     Best:        	White=6     	Black=2      Strong:       	White=1     	Black=1} 1/2-1/2

[Event "Reykjavik Open 2024"]
[Site "Reykjavik"]
[Date "2024.03.16"]
[Round "2.18"]
[White "Pourkashiyan, Atousa"]
[Black "Balakrishnan, Praveen"]
[Result "0-1"]
[ECO "C06"]
[WhiteElo "2270"]
[BlackElo "2490"]
[Annotator "TA"]
[PlyCount "114"]
[EventDate "2024.03.12"]
[EventCountry "ISL"]
[SourceTitle "playchess.com"]
[Source "ChessBase"]
[SourceQuality "1"]
[TimeControl "40/5400+30:1800+30"]

1. e4 e6 2. d4 d5 3. Nd2 Nf6 4. e5 Nfd7 5. c3 c5 6. Bd3 Nc6 7. Ne2 cxd4 8. cxd4 f6 9. exf6 Nxf6 10. Nf3 Bd6 11. O-O O-O 12. Bf4 Bxf4 13. Nxf4 Ng4 14. Ne2 e5 15. dxe5 {[%emt 0:08:05] [#]} (15. Nxe5 $1 $14 Ncxe5 16. dxe5) 15... Rxf3 $1 $11 16. gxf3 {[%emt 0:00:17] Black is slightly better.} Ngxe5 {[%emt 0:00:21] A dynamic duo of knights.} 17. Kh1 $1 Qf6 {[%emt 0:02:26][%mdl 1024] Black has compensation.} 18. Ng1 Be6 19. Re1 Rd8 20. Qe2 a6 21. b4 d4 22. Be4 d3 23. Qe3 ({White has to play} 23. Qb2 $1 $15 d2 24. Bxc6 dxe1=N (24... dxe1=R 25. Rxe1 Nxc6 26. Qxf6 $15) (24... bxc6 25. Rxe5 Rd5 26. Rd1 $17) 25. Rxe1 bxc6 (25... Nxc6 26. Qxf6 gxf6 27. Rxe6 $15) 26. Rxe5) 23... Nxb4 24. Bxb7 {[%emt 0:08:26] [#]} Nc2 $1 (24... d2 25. Qxe5 Nc2 (25... dxe1=R 26. Rxe1 Qxe5 27. Rxe5 $15) 26. Qxf6 (26. Qxe6+ $2 Qxe6 27. Rxe6 Nxa1 $19) 26... gxf6 27. Red1 (27. Rxe6 $2 Nxa1 28. Bxa6 d1=Q $19) 27... Nxa1 28. Bxa6 $19) 25. Qxe5 Qxe5 26. Rxe5 Nxa1 27. Bxa6 (27. Rxe6 $2 d2 28. Bxa6 d1=Q $19 (28... d1=R 29. Re4 $17)) 27... d2 (27... Bxa2 28. Ra5 d2 29. Be2 $15) 28. Be2 Bxa2 (28... d1=R 29. Bxd1 (29. Rxe6 Rc1 $17) 29... Bxa2 30. Ba4 $17) 29. Ra5 {[%emt 0:01:00][%cal Oe2d1] [#] Strongly threatening Bd1!} Re8 $1 {[%emt 0:01:27][%cal Oe8e2] Hoping for ...Rxe2!} 30. Rxa2 Rxe2 $1 31. Rxa1 $19 {[%emt 0:00:47][%mdl 4096] Endgame. KRN-KR} (31. Ra8+ $11 Kf7 32. Rxa1 (32. Nxe2 $2 d1=Q+ 33. Ng1 h6 $19)) 31... Re1 32. Ra8+ Kf7 33. Rd8 d1=Q ({Inferior is} 33... d1=B 34. Rd3 $11) ({Less strong is} 33... d1=R 34. Rxd1 Rxd1 35. Kg2 $17) 34. Rxd1 Rxd1 {[%emt 0:00:06] KR-KN} 35. Kg2 Rd2 36. f4 Kf6 37. Nf3 Rd3 38. Ne1 {[%emt 0:03:15] [#]} Rc3 39. f3 Ke6 40. Kg3 Kd5 41. Ng2 Kd4 42. Nh4 Kd3 {[%emt 0:01:02] And now ...Ke2 would win.} 43. f5 $2 (43. Nf5 Rc6 44. h4) 43... Ke2 44. Kg4 Kf2 {[%emt 0:02:29] ( -> ...Rc4+)} 45. f4 Rc6 (45... Rc5 $142 46. Kg5 Ke3 47. Kg4 Ke4 48. Kg3 Rc1 49. Ng2 Kxf5 50. Nh4+ Ke4 51. f5 Rg1+ 52. Kf2 Rg4 53. Ng2 Kxf5 54. Ne3+ Kg5 55. Nd5 Kh4 56. Nc7 Kh3 57. Kf3 h5 58. Nb5 Kxh2 59. Nd6 Rg3+ 60. Kf2 h4 61. Nf7 Rg2+ 62. Ke3 Kg1 63. Ne5 Rg3+ 64. Ke4 h3 65. Kf4 Kg2 66. Ng4 Rxg4+ 67. Kxg4 h2 68. Kf5 h1=Q (68... h1=R {leads to mate.} 69. Ke4 Re1+ 70. Kd5 Kf3 71. Kd6 g5 72. Kc5 g4 73. Kd6 g3 74. Kc7 g2 75. Kd7 g1=Q 76. Kd6 Qd4+ 77. Kc6 Rc1+ 78. Kb5 Qb2+ 79. Ka6 Ra1#) 69. Ke6 Qd1 70. Ke7 Kf3 (70... g5 71. Kf7 g4 72. Kg6 Kh3 73. Kh7 g3 74. Kh8 g2 75. Kh7 g1=Q 76. Kh6 Qdg4 77. Kh7 Qh5#) 71. Kf7 Qd7+ (71... g5 72. Kg7 g4 73. Kf8 g3 74. Kf7 g2 75. Kg6 g1=Q+ 76. Kh5 Qg4+ 77. Kh6 Qh1#) 72. Kf8 Kf4 73. Kg8 g5 74. Kf8 Kf5 (74... Qe6 75. Kg7 Kf5 76. Kf8 Qd7 77. Kg8 Kg6 78. Kh8 Qh7#) 75. Kg8 Kg6 76. Kh8 Qh7#) 46. Kg5 Ke3 {[%emt 0:03:08] Black mates.} 47. Kg4 Ke4 48. Kg3 Rc1 49. h3 Ra1 50. Ng2 Kxf5 51. Kf3 Rf1+ 52. Kg3 Ke4 53. Kg4 g6 54. Kg3 Rf3+ 55. Kh2 Rc3 56. h4 Kf3 57. Kh3 Rc1 {[%emt 0:00:07] Weighted Error Value: White=0.54/Black=0.18 (very precise) .  Loses game:     	White=2     	---        Mistake:       	White=2     	---        Inaccurate:     	White=1     	Black=1      OK:         	White=8     	Black=14     Best:        	White=5     	Black=3      Strong:       	White=1     	Black=2      Brilliant:      	---       	Black=1} 0-1